 Dungeon Crawl Stone Soup version 0.23.2-1-ga50397a (webtiles) character file.

Game seed: 8165943360902211682

99 Fang the Skirmisher (level 4, -1/43 HPs)
             Began as a Gargoyle Berserker on Apr 25, 2019.
             Was a Believer of Trog.
             Slain by a yak (12 damage)
             ... on level 4 of the Dungeon.
             The game lasted 00:02:21 (2689 turns).

Fang the Skirmisher (Gargoyle Berserker)            Turns: 2689, Time: 00:02:22

Health: -1/43      AC: 12    Str: 26    XL:     4   Next: 72%
Magic:  4/4        EV:  9    Int:  8    God:    Trog [**....]
Gold:   148        SH:  0    Dex:  9    Spells: 3/3 levels left

rFire    + . .     SeeInvis .   a - +0 hand axe
rCold    . . .     Gourm    .   (no shield)
rNeg     + . .     Faith    .   b - +0 chain mail
rPois    ∞         Spirit   .   (no helmet)
rElec    +         Reflect  .   (no cloak)
rCorr    .         Harm     .   (no gloves)
MR       .....                  (no boots)
Stlth    ..........             r - amulet of the acrobat
HPRegen  0.14/turn              d - ring of protection from fire
MPRegen  0.09/turn              (no ring)

@: berserking, very quick
A: negative energy resistance 1, electricity resistance, unbreathing,
petrification resistance, rot immunity, AC +3
a: Berserk, Trog's Hand, Renounce Religion


You were on level 4 of the Dungeon.
You worshipped Trog.
Trog was pleased with you.
You were not hungry.

You visited 1 branch of the dungeon, and saw 4 of its levels.

You collected 148 gold pieces.

Inventory:

Hand Weapons
 a - a +0 hand axe (weapon)
Armour
 b - a +0 chain mail (worn)
Jewellery
 d - a ring of protection from fire (left hand)
 r - an amulet of the acrobat (around neck)
 t - an uncursed ring of stealth {unknown}
 u - a cursed ring of attention {unknown}
Wands
 f - a wand of paralysis (7)
Scrolls
 g - 3 scrolls of amnesia {unknown}
 h - 2 scrolls of immolation {unknown}
 l - a scroll of teleportation {unknown}
 n - a scroll of magic mapping {unknown}
 o - a scroll of enchant weapon {unknown}
 v - a scroll of noise {unknown}
Potions
 e - 3 potions of lignification {unknown}
 i - a potion of berserk rage {unknown}
 j - a potion of resistance {unknown}
 k - 2 potions of invisibility {unknown}
 m - 2 potions of degeneration {unknown}
 p - a potion of cancellation {unknown}
 q - 2 potions of heal wounds {unknown}
 s - a potion of might {unknown}
Comestibles
 c - 5 rations


   Skills:
 + Level 4.0 Fighting
 + Level 3.4 Axes
 + Level 3.2 Armour
 + Level 2.3 Dodging


You had 3 spell levels left.
You didn't know any spells.
Your spell library was empty.

Dungeon Overview and Level Annotations

Branches:
Dungeon (4/15)
 Temple: D:4-7

Altars:
Dithmenos
Elyvilon
Gozag
Trog
Zin


Innate Abilities, Weirdness & Mutations

You are resistant to torment.
Your stone body is resilient. (AC +3)
You are immune to poison.
You resist negative energy. (rN+)
You are resistant to electric shocks. (rElec)
You can survive without breathing.
You are immune to petrification.
You are immune to rotting.


Message History

You are starving!
You eat one of the 6 rations.
That ration really hit the spot!
You start resting.
HP restored.
You climb downwards.
The yak gores you. The yak gores you but does no damage. The yak gores you!
The yak gores you but does no damage. The yak gores you.
The yak gores you but does no damage. The yak barely misses you.
The yak gores you but does no damage. x2
There is a stone staircase leading up here.
Okay, then.
A red film seems to cover your vision as you go berserk!
You feel yourself moving faster!
You feel mighty!
You feel a lot more hungry. The yak closely misses you.
The yak gores you but does no damage. x2
The yak closely misses you. The yak barely misses you.
You slash the yak!
The yak is moderately wounded.
You slash the yak! You hit the yak.
You slash the yak! x2; The yak gores you.
* * * LOW HITPOINT WARNING * * *
The yak gores you!
You die...

#..... .......#####
...........#
...........# .
...........# ...
...........####...#
................#
......YYY..######
.......@Y....#
........Y..#.#
...........#...
...........#####
..............#
...........##.#
#########'## .. #.#
# #..


You could see 5 yaks.

Vanquished Creatures
  2 adders (D:3)
  A gnoll (D:1)
  A worm (D:2)
  3 dart slugs
  2 leopard geckos (D:1)
  3 ball pythons
  8 bats
  7 giant cockroaches
  5 goblins
  4 hobgoblins
  7 kobolds
  3 quokkas (D:2)
  4 frilled lizards
  7 rats
57 creatures vanquished.

Notes
Turn   | Place    | Note
-------+----------+-------------------------------------------
     0 | D:1      | Fang the Gargoyle Berserker began the quest for the Orb.
     0 | D:1      | Reached XP level 1. HP: 14/14 MP: 1/1
   210 | D:1      | Reached XP level 2. HP: 14/19 MP: 2/2
   658 | D:1      | Reached XP level 3. HP: 22/23 MP: 3/3
  1589 | D:2      | Found a bloodstained altar of Trog.
  1621 | D:2      | Reached ** piety under Trog
  1629 | D:2      | Reached XP level 4. HP: 29/29 MP: 4/4
  2022 | D:3      | Reached skill level 4 in Fighting
  2159 | D:3      | Found an opulent altar of Gozag.
  2161 | D:3      | Found a white marble altar of Elyvilon.
  2250 | D:3      | Found a glowing silver altar of Zin.
  2321 | D:3      | Found a shadowy altar of Dithmenos.
  2450 | D:4      | Noticed a yak
  2450 | D:4      | Noticed a yak
  2450 | D:4      | Noticed a yak
  2451 | D:4      | Noticed a yak
  2453 | D:4      | Noticed a yak
  2689 | D:4      | Slain by a yak

Skill      XL: |  1  2  3  4 |
---------------+-------------+-----
Axes           | 3 |  3.4
Dodging        | 2 |  2.3
Armour         | 3 |  3.2
Fighting       | 4 |  4.0

Action                   |  1- 3 |  4- 6 || total
-------------------------+-------+-------++-------
Melee: Hand axe          |   120 |    89 ||   209
Invok: Berserk           |     1 |     2 ||     3
 Stab: Sleeping          |     1 |       ||     1
  Eat: Chunk             |     3 |     2 ||     5
       Ration            |       |     1 ||     1
Armor: Animal skin       |    32 |       ||    32
       Chain mail        |    64 |    65 ||   129
Dodge: Dodged            |    87 |    51 ||   138
